[Event "13th All African Mixed Team Rapid-ch 202"]
[Site "Accra"]
[Date "2024.03.09"]
[Round "4.11"]
[White "Rongwane, Gomolemo"]
[Black "Akpa Prince"]
[Result "1-0"]
[ECO "D96"]
[WhiteElo "2021"]
[BlackElo "1845"]
[Annotator "RC"]
[PlyCount "55"]
[EventDate "2024.03.07"]
[EventType "rapid"]
[EventCountry "GHA"]
[SourceTitle "playchess.com"]
[Source "ChessBase"]
[SourceQuality "1"]
[TimeControl "900+10"]

1. d4 Nf6 2. Nf3 g6 3. c4 d5 4. Nc3 Bg7 5. Qa4+ c6 6. Bf4 dxc4 7. Qxc4 O-O 8. e3 Be6 9. Qa4 Nbd7 10. Ng5 Bf5 11. e4 Nb6 12. Qd1 Bc8 13. Be2 h6 14. Nf3 g5 15. Be5 Bg4 16. h4 Bxf3 17. gxf3 Nbd7 18. hxg5 hxg5 19. Bg3 Qa5 20. Qd2 Rfd8 21. O-O-O Nf8 22. Kb1 Ng6 23. Rhg1 e5 24. Qxg5 Nh7 25. Qf5 Re8 26. Bc4 Qc7 27. Qxg6 b5 28. Bxe5 1-0

[Event "13th All African Mixed Team Rapid-ch 202"]
[Site "Accra"]
[Date "2024.03.09"]
[Round "4.12"]
[White "Ayiku, Angela Naa Amerley"]
[Black "Banda Natalie Katlo"]
[Result "0-1"]
[ECO "B10"]
[WhiteElo "1629"]
[BlackElo "1772"]
[Annotator "NA RC"]
[PlyCount "112"]
[EventDate "2024.03.07"]
[EventType "rapid"]
[EventCountry "GHA"]
[SourceTitle "playchess.com"]
[Source "ChessBase"]
[SourceQuality "1"]
[TimeControl "900+10"]

1. e4 c6 2. Nf3 d5 3. e5 Bg4 4. d4 e6 5. Be2 Nd7 6. O-O Ne7 7. Nc3 Bxf3 8. Bxf3 c5 9. Re1 cxd4 10. Qxd4 Nc6 11. Qf4 Qc7 12. Bd2 Be7 13. Nb5 Qb6 14. a4 a6 15. Be3 Qd8 16. Nd6+ Bxd6 17. exd6 Nf6 18. Qg5 Rg8 19. Bc5 b6 20. Ba3 Nd4 21. Bd1 Ne4 22. Qf4 Qf6 23. Qxf6 Nxf6 24. c3 Nc6 25. Bf3 Na5 26. Bb4 Nb3 27. Rad1 Kd7 28. c4 Rge8 29. cxd5 exd5 30. Rxe8 Rxe8 31. h3 a5 32. Ba3 Re5 33. Rd3 Nc5 34. Rd1 Kxd6 35. b4 axb4 36. Bxb4 Kc7 37. Rc1 Nfd7 38. Bg4 Re4 39. Bxd7 Rxb4 40. Bb5 Kd6 41. Ra1 d4 42. Ra3 Rb3 43. Rxb3 Nxb3 44. Bd3 Nc5 45. Bb5 d3 46. Kf1 Kd5 47. Ke1 Kd4 48. Kd2 Nb3+ 49. Kd1 Kc3 50. f4 Nd4 51. g4 Nxb5 52. axb5 d2 53. h4 g6 54. f5 gxf5 55. gxf5 f6 56. h5 h6 0-1

[Event "13th All African Mixed Team Rapid-ch 202"]
[Site "Accra"]
[Date "2024.03.09"]
[Round "4.13"]
[White "Fomevor, Cephas Clinton"]
[Black "Wanyama, Harold"]
[Result "0-1"]
[ECO "D35"]
[WhiteElo "1887"]
[BlackElo "2226"]
[Annotator "TA"]
[PlyCount "88"]
[EventDate "2024.03.07"]
[EventType "rapid"]
[EventCountry "GHA"]
[SourceTitle "playchess.com"]
[Source "ChessBase"]
[SourceQuality "1"]
[TimeControl "900+10"]

1. d4 d5 2. c4 e6 3. cxd5 exd5 4. Nc3 c6 5. Nf3 Bf5 6. Bf4 Nf6 7. e3 Qb6 8. Qc1 Na6 9. a3 {[%emt 0:00:49] Gegen Nb4 gerichtet.} Be7 10. Be2 O-O {[%emt 0:00:06] Die Stellung ist ausgeglichen.} 11. O-O Rac8 12. b4 Nb8 13. Na4 Qd8 14. Nc5 b6 15. Nd3 Ne4 (15... Nbd7 $11 {bleibt in der Remisbreite.}) 16. Qb2 (16. Bxb8 $16 {Droht stark Be5.} Rxb8 17. Nde5 (17. Qxc6 Rc8 $11)) 16... Bf6 17. Be5 Nd7 18. Bxf6 Qxf6 19. Rac1 Rfe8 20. Qb3 Bg4 21. Rfd1 g5 22. a4 Be6 23. Qb2 c5 24. bxc5 bxc5 25. dxc5 {[%emt 0:00:06] [#] Schwarz muss nun Qxf6 beachten.} Qxb2 26. Nxb2 {[%emt 0:00:01] Und c6 würde nun gewinnen.} Ndxc5 27. Bb5 (27. Nd4 $14) 27... Red8 ({Günstiger ist} 27... Nb3 $1 $11 28. Bxe8 Nxc1 (28... Rxc1 29. Rxc1 Nxc1 30. Nd4 $17)) 28. Ne5 (28. Nd4 $14) 28... a6 29. Bf1 f6 30. Ned3 (30. Nf3 $11) 30... Nb3 $15 31. Rxc8 Rxc8 32. Nb4 {[%emt 0:01:32] [#] Wehrt Rc2 ab} ({Vorzuziehen ist} 32. a5 $1 $15) 32... Nc3 $1 $36 {[%emt 0:00:52][%mdl 2048] Schwarz bestimmt, wo es lang geht.} 33. Re1 ({Viel schwächer wäre} 33. Bxa6 Rb8 34. Nc6 (34. Rd3 $2 Ne2+ 35. Kf1 Rxb4 $19) 34... Nxd1 35. Nxd1 Ra8 $19) 33... a5 34. N4d3 Kf7 35. h3 Bd7 {[%emt 0:00:07] Schwarz steht deutlich aktiver.} 36. f4 h6 37. fxg5 hxg5 ({Und nicht} 37... Bxa4 38. Nxa4 (38. gxh6 Bc6 $11) 38... Nxa4 39. gxh6 $14) 38. Kh2 (38. h4 {kämpft weiter.}) 38... Nxa4 39. Nxa4 Bxa4 40. e4 dxe4 41. Rxe4 (41. Nb2 {ist wohl besser.}) 41... Bd7 $19 42. Re3 a4 43. Nb4 Be6 44. Bb5 Rb8 {[%emt 0:00:28] Gewichteter Fehlerwert: Weiß=0.31/Schwarz=0.20 (präzise) .  Fehler:       	Weiß=7     	Schwarz=2     Ungenau:       	Weiß=4     	Schwarz=4     OK:         	Weiß=8     	Schwarz=11    Bester:       	---       	Schwarz=2     Stark:        	---       	Schwarz=1} 0-1

[Event "13th All African Mixed Team Rapid-ch 202"]
[Site "Accra"]
[Date "2024.03.09"]
[Round "4.14"]
[White "Nakabo, Peninah"]
[Black "Gertrude Banini"]
[Result "1-0"]
[ECO "B12"]
[WhiteElo "1836"]
[BlackElo "1681"]
[Annotator "NA RC"]
[PlyCount "93"]
[EventDate "2024.03.07"]
[EventType "rapid"]
[EventCountry "GHA"]
[SourceTitle "playchess.com"]
[Source "ChessBase"]
[SourceQuality "1"]
[TimeControl "900+10"]

1. e4 c6 2. d4 d5 3. f3 dxe4 4. fxe4 e5 5. c3 Qh4+ 6. Kd2 Qxe4 7. Qe2 Qxe2+ 8. Bxe2 exd4 9. cxd4 Bb4+ 10. Nc3 Nf6 11. Bd3 O-O 12. Nf3 Nbd7 13. Kc2 c5 14. a3 Bxc3 15. bxc3 cxd4 16. Nxd4 Nc5 17. Bg5 Ng4 18. Be2 Nf2 19. Be7 Nce4 20. Bxf8 Nxh1 21. Bxg7 Kxg7 22. Rxh1 Bd7 23. Bd3 Nf2 24. Rf1 Nxd3 25. Kxd3 Re8 26. Kd2 Re5 27. Re1 Rxe1 28. Kxe1 Kf6 29. Kf2 Ke5 30. Nf3+ Kf4 31. g3+ Kf5 32. Ke3 a6 33. g4+ Kf6 34. Kf4 h6 35. h4 Bc6 36. g5+ hxg5+ 37. hxg5+ Ke6 38. Nd4+ Ke7 39. Nxc6+ bxc6 40. Ke5 c5 41. c4 Kf8 42. Kd6 Kg7 43. Kxc5 Kg6 44. Kb6 Kxg5 45. c5 f5 46. c6 f4 47. c7 1-0

[Event "13th All African Mixed Team Rapid-ch 202"]
[Site "Accra"]
[Date "2024.03.09"]
[Round "4.15"]
[White "Oluka Robert Mcligeyo"]
[Black "Frempong-Smart Daniel"]
[Result "1/2-1/2"]
[ECO "B04"]
[WhiteElo "2041"]
[BlackElo "1877"]
[Annotator "RC"]
[PlyCount "59"]
[EventDate "2024.03.07"]
[EventType "rapid"]
[EventCountry "GHA"]
[SourceTitle "playchess.com"]
[Source "ChessBase"]
[SourceQuality "1"]
[TimeControl "900+10"]

1. e4 Nf6 2. e5 Nd5 3. d4 d6 4. Nf3 dxe5 5. Nxe5 c6 6. Bc4 Be6 7. O-O g6 8. c3 Bg7 9. Qe2 O-O 10. Bg5 Nd7 11. Nd2 Nxe5 12. dxe5 h6 13. Be3 Nxe3 14. Qxe3 Bxc4 15. Nxc4 Qd5 16. b3 Rfd8 17. Rfe1 b6 18. Rac1 Rac8 19. g3 c5 20. Qe2 Qd3 21. e6 Qxe2 22. exf7+ Kxf7 23. Rxe2 Rd3 24. Ne5+ Bxe5 25. Rxe5 Rcd8 26. Rc2 Rd2 27. Re2 Rxe2 28. Rxe2 Rd3 29. c4 Kf6 30. f4 1/2-1/2

[Event "13th All African Mixed Team Rapid-ch 202"]
[Site "Accra"]
[Date "2024.03.09"]
[Round "4.16"]
[White "Benson, Maud"]
[Black "Mongeli, Sasha"]
[Result "1/2-1/2"]
[ECO "D78"]
[WhiteElo "1664"]
[BlackElo "1858"]
[Annotator "NA RC"]
[PlyCount "136"]
[EventDate "2024.03.07"]
[EventType "rapid"]
[EventCountry "GHA"]
[SourceTitle "playchess.com"]
[Source "ChessBase"]
[SourceQuality "1"]
[TimeControl "900+10"]

1. d4 d5 2. Nf3 c6 3. g3 Nf6 4. Bg2 g6 5. O-O Bg7 6. c4 O-O 7. Nc3 h6 {[%emt 0:00:57] D78: Fianchetto Grünfeld: 6 0-0 c6.} 8. Re1 Nbd7 9. Qb3 dxc4 10. Qxc4 Nb6 11. Qd3 Re8 12. Rd1 Be6 13. e4 Qc8 14. Bf4 Bh3 15. Be5 Bxg2 16. Kxg2 Nbd7 17. Rac1 Qd8 18. d5 Nxe5 19. Nxe5 cxd5 20. Nxd5 Nxd5 21. Qxd5 Qxd5 22. Rxd5 e6 23. Rb5 a6 24. Rxb7 Bxe5 25. f4 Rab8 26. Rxb8 Bxb8 27. Kf3 Rd8 28. Ke3 Ba7+ 29. Ke2 Rb8 30. b3 Rb7 31. h3 h5 32. g4 hxg4 33. hxg4 Bb8 34. f5 exf5 35. exf5 Re7+ 36. Kf3 g5 37. Rc8+ Kg7 38. Rxb8 Ra7 39. Rb6 a5 40. a3 Rc7 41. Ke4 a4 42. bxa4 Rc4+ 43. Kf3 Rxa4 44. Rb3 Kf6 45. Re3 Rf4+ 46. Kg3 Ra4 47. Kh3 Rd4 48. Kg3 Rd1 49. Rb3 Rg1+ 50. Kh3 Ra1 51. Rb6+ Ke5 52. Ra6 Kf4 53. Ra4+ Kf3 54. Kh2 Ra2+ 55. Kg1 Rg2+ 56. Kf1 Ra2 57. Ke1 Rg2 58. Ra7 Rxg4 59. Rxf7 Ra4 60. f6 Rxa3 61. Rg7 Ra1+ 62. Kd2 Ra2+ 63. Kc3 Ra6 64. f7 Rf6 65. Kd4 g4 66. Ke5 Rf4 67. Ke6 g3 68. Ke7 Kf2 $11 1/2-1/2

[Event "13th All African Mixed Team Rapid-ch 202"]
[Site "Accra"]
[Date "2024.03.09"]
[Round "4.17"]
[White "Cogan, Nicolas"]
[Black "Pedro Manuel Envo Engonga Avom"]
[Result "1-0"]
[ECO "D31"]
[WhiteElo "2070"]
[BlackElo "1702"]
[Annotator "RC"]
[PlyCount "74"]
[EventDate "2024.03.07"]
[EventType "rapid"]
[EventCountry "GHA"]
[SourceTitle "playchess.com"]
[Source "ChessBase"]
[SourceQuality "1"]
[TimeControl "900+10"]

1. d4 d5 2. c4 e6 3. Nc3 c6 4. Nf3 Nd7 5. e4 dxe4 6. Nxe4 Ngf6 7. Nc3 Bd6 8. Bd3 Qe7 9. O-O O-O 10. Re1 Qd8 11. Bg5 Qc7 12. Qc2 h6 13. Bh4 Re8 14. Re2 b6 15. Rae1 Bb7 16. Qd1 Nh5 17. Bb1 Nf8 18. Ne5 g5 19. Bg3 Nxg3 20. hxg3 Rad8 21. Qc2 Kg7 22. Re3 Bb4 23. Qe2 f6 24. Nf3 g4 25. Nh4 Rxd4 26. Nf5+ exf5 27. Rxe8 Qd7 28. a3 Bc5 29. Qf1 Rd2 30. R8e2 Rd4 31. Rd1 Ba6 32. b3 Bxa3 33. Qe1 Bb4 34. Rc1 Kg6 35. Re3 Rd2 36. Rd1 Bxc3 37. Rxd2 Qxd2 1-0

[Event "13th All African Mixed Team Rapid-ch 202"]
[Site "Accra"]
[Date "2024.03.09"]
[Round "5.1"]
[White "Amin, Bassem"]
[Black "Arab, Adlane"]
[Result "1-0"]
[ECO "A08"]
[WhiteElo "2670"]
[BlackElo "2477"]
[Annotator "TA"]
[PlyCount "55"]
[EventDate "2024.03.07"]
[EventType "rapid"]
[EventCountry "GHA"]
[SourceTitle "playchess.com"]
[Source "ChessBase"]
[SourceQuality "1"]
[TimeControl "900+10"]

1. e4 c5 2. Nf3 e6 3. d3 Nc6 4. g3 d5 5. Nbd2 Bd6 6. Bg2 Nge7 7. O-O O-O 8. Re1 Qc7 9. c3 Bd7 10. a3 b5 11. d4 cxd4 12. cxd4 {[%emt 0:00:02] [#] Strongly threatening e5. The position is equal.} Qd8 13. e5 Bc7 14. Nb3 Bb6 15. Bf1 Nf5 (15... a5 $5) 16. Bg5 ({Much worse is} 16. Bxb5 Nxe5 17. dxe5 Bxb5 $15) 16... f6 (16... Qe8 $14) 17. exf6 $16 gxf6 18. Bf4 Nce7 19. Bd3 Ng6 20. Bxf5 Nxf4 (20... exf5 $142 21. Qc1 Re8) 21. Qd2 Bc7 22. Bc2 {[%emt 0:00:31] White is more active.} Ng6 (22... Nh3+ $16 {might work better.} 23. Kg2 e5) 23. Nc5 $18 Kf7 $2 (23... Re8 24. Bxg6 (24. Qh6 Nf8 $18) 24... hxg6) 24. Qh6 {[%emt 0:01:45] White is clearly winning.} Rh8 25. Re3 {[%emt 0:00:06] [#] And now Rae1 would win.} Bd6 26. Nb7 {[%emt 0:00:21][%csl LRd6,LRd8] Excellent horsemanship.} Qf8 27. Nxd6+ Qxd6 28. Bxg6+ {[%emt 0:00:08] Weighted Error Value: White=0.04 (flawless) /Black=0.33.  Mistake:       	---       	Black=4      Inaccurate:     	---       	Black=2      OK:         	White=11    	Black=5      Best:        	White=1     	---} 1-0

[Event "13th All African Mixed Team Rapid-ch 202"]
[Site "Accra"]
[Date "2024.03.09"]
[Round "5.2"]
[White "Nassr, Lina"]
[Black "Wafa, Shahenda"]
[Result "1-0"]
[ECO "A48"]
[WhiteElo "2080"]
[BlackElo "2083"]
[Annotator "NA RC"]
[PlyCount "123"]
[EventDate "2024.03.07"]
[EventType "rapid"]
[EventCountry "GHA"]
[SourceTitle "playchess.com"]
[Source "ChessBase"]
[SourceQuality "1"]
[TimeControl "900+10"]

1. d4 Nf6 2. Nf3 g6 3. e3 Bg7 4. Be2 c5 5. O-O O-O 6. dxc5 Qa5 7. a3 Qxc5 8. b4 Qc7 9. Bb2 d6 10. c4 Be6 11. Nbd2 Nc6 12. Rc1 Rac8 13. Nb3 a6 14. Nbd4 Bd7 15. Qb3 Ng4 16. Nxc6 bxc6 17. Bxg7 Kxg7 18. Qc3+ Kg8 19. c5 Ra8 20. h3 Nf6 21. cxd6 Qxd6 22. Rfd1 Qc7 23. Ne5 Rfc8 24. Bf3 Ra7 25. Nxd7 Nxd7 26. Qxc6 Qxc6 27. Rxc6 Rxc6 28. Bxc6 Ne5 29. Be4 Nc4 30. Rd3 Nd6 31. Bf3 Rc7 32. Rb3 Rc1+ 33. Kh2 Nc4 34. Be2 Kf8 35. a4 Ke8 36. b5 axb5 37. Rxb5 Nd6 38. Rb3 Ra1 39. Rb4 Ra2 40. Bb5+ Kd8 41. f3 Kc7 42. e4 h5 43. Kg3 h4+ 44. Kh2 g5 45. Bd3 f6 46. Bb5 Ra3 47. Rb1 Ra2 48. Rc1+ Kb6 49. Rc6+ Kb7 50. Rc5 Rb2 51. e5 Nf7 52. exf6 exf6 53. Rc6 f5 54. Rf6 Ne5 55. Rxf5 Ng6 56. Rxg5 Nf4 57. Rg4 Rb4 58. Rxh4 Kb6 59. Rg4 Kc5 60. h4 Kd6 61. h5 Ke5 62. h6 1-0

[Event "13th All African Mixed Team Rapid-ch 202"]
[Site "Accra"]
[Date "2024.03.09"]
[Round "5.3"]
[White "Silva, David"]
[Black "Rakotomaharo, Fy Antenaina"]
[Result "0-1"]
[ECO "B22"]
[WhiteElo "2358"]
[BlackElo "2454"]
[Annotator "TA"]
[PlyCount "98"]
[EventDate "2024.03.07"]
[EventType "rapid"]
[EventCountry "GHA"]
[SourceTitle "playchess.com"]
[Source "ChessBase"]
[SourceQuality "1"]
[TimeControl "900+10"]

1. e4 c5 2. c3 Nf6 3. e5 Nd5 4. d4 cxd4 5. Nf3 e6 6. cxd4 d6 7. Bc4 Be7 8. O-O O-O 9. Qe2 b6 10. Nbd2 {[%emt 0:00:13] The position is equal.} Bb7 11. Ne4 dxe5 12. dxe5 Nd7 13. Bd2 Qb8 14. Ng3 Rc8 15. Rfe1 Rc7 16. Rac1 Qd8 17. Ne4 Nf8 18. a3 Ng6 19. g3 Rac8 20. h4 h6 21. Ba6 (21. Red1 {seems wilder.} b5 22. Bxb5 Rxc1 23. Bxc1 Qc7 24. b4) 21... Rxc1 22. Rxc1 $4 {[%emt 0:00:32][%mdl 8192] [#]} ({White has to play} 22. Bxc1 $15 Bxa6 23. Qxa6) 22... Rxc1+ (22... Ndf4 $1 $19 {[%cal Rf4e2] is more deadly.} 23. gxf4 (23. Bxf4 $2 {loses.} Nxf4 24. gxf4 Rxc1+ 25. Kg2 Ba8 $19) 23... Rxc1+ 24. Bxc1 Bxa6 25. Qxa6 Qd1+ (25... Bxh4 $2 26. Nd6 $18) 26. Kg2 Qxc1 27. Qxa7 Nxf4+ (27... Qxf4 28. Ng3 $19) 28. Kg3 Nd5) 23. Bxc1 $17 Bxa6 24. Qxa6 Qc7 {[%emt 0:00:01][%csl LRc1,LRe5] Inhibits Qb7.} 25. Bd2 Nxe5 26. Nxe5 Qxe5 27. Nc3 Bc5 28. Qd3 Nf6 {[%emt 0:00:05] Black is more active.} 29. b4 Be7 $40 {[%emt 0:00:48][%mdl 128] Black has strong attack.} 30. Nb5 Qa1+ (30... a6 {simplifies} 31. Nc3 a5 32. Ne2 axb4 33. Bxb4 Bxb4 34. axb4 Qb2) 31. Kg2 a6 32. Nd4 Nd5 (32... Qa2 {simplifies} 33. Nc6 Qd5+ 34. Qxd5 Nxd5 35. Nxe7+ Nxe7 36. a4 h5) 33. Nc6 Bf6 34. Qxa6 Qd1 35. Qd3 Bxh4 {[%emt 0:00:26] ...Bg5 would now be deadly.} ({Don't play} 35... Bc3 $6 36. Ne7+ Nxe7 37. Qxc3 $11) 36. Nd4 (36. gxh4 $2 {too greedy.} Nf4+ 37. Bxf4 Qxd3 $19) (36. Ne5 $17 Bf6 37. Nd7) 36... Bg5 37. Nf3 Bxd2 38. Qxd2 $19 {[%emt 0:00:01][%mdl 4096] Endgame. KQN-KQN} Qb3 39. Qc1 Qd3 40. Ne1 Qe4+ 41. Kg1 g5 42. Ng2 (42. Qd2 $142) 42... Qd3 43. Ne1 Qe2 44. Ng2 Nf6 45. Qc8+ (45. a4 {was called for.}) 45... Kg7 46. Qc3 Kg6 {[%emt 0:00:02][%cal Oe2f2] aiming for ...Qxf2+!} 47. Qd4 (47. Qe3 Qxe3 48. Nxe3) 47... Ne4 (47... Ng4 $142 {Hoping for ...b5.} 48. a4 Ne5 49. Nf4+ gxf4 50. Qxf4 Nf3+ 51. Kg2 Ne1+ 52. Kg1 e5) 48. Qxb6 {[%emt 0:00:22] [#]} (48. Qe3 Qxe3 49. Nxe3) 48... Nd2 $2 (48... Qd1+ $1 $19 49. Kh2 Qf1) 49. Qe3 $2 (49. Ne3 $11) 49... Nf3+ {[%emt 0:00:03] Weighted Error Value: White=0.54/Black=0.29 (precise) .  Loses game:     	White=2     	---        Missed win:     	---       	Black=1      Mistake:       	White=5     	Black=1      Inaccurate:     	---       	Black=1      OK:         	White=14    	Black=25     Best:        	White=1     	Black=1} 0-1

[Event "13th All African Mixed Team Rapid-ch 202"]
[Site "Accra"]
[Date "2024.03.09"]
[Round "5.4"]
[White "Tsinjoviniavo, Aina Mahasambatra"]
[Black "Junior, Ednasia"]
[Result "0-1"]
[ECO "B43"]
[WhiteElo "1681"]
[BlackElo "1915"]
[Annotator "NA RC"]
[PlyCount "78"]
[EventDate "2024.03.07"]
[EventType "rapid"]
[EventCountry "GHA"]
[SourceTitle "playchess.com"]
[Source "ChessBase"]
[SourceQuality "1"]
[TimeControl "900+10"]

1. e4 c5 2. Nf3 e6 3. d4 cxd4 4. Nxd4 a6 5. Nc3 Qc7 6. Be2 b5 7. a3 Bb7 8. Bf3 Nf6 9. O-O d6 10. Re1 Nbd7 11. Bg5 Be7 12. Bh4 O-O 13. Bg3 Ne5 14. Bxe5 dxe5 15. Nb3 Rac8 16. Qe2 b4 17. axb4 Bxb4 18. Ra4 Bxc3 19. bxc3 Qxc3 20. Rc1 Qxb3 21. Raa1 Qc4 22. Ra5 Rfd8 23. h3 Qxe2 24. Bxe2 Rd2 25. Bf3 Bxe4 26. Bxe4 Nxe4 27. f3 Ng3 28. Kh2 Ne2 29. Rca1 Nf4 30. Kh1 Rc6 31. c4 Rxc4 32. Rxa6 Rcc2 33. Re1 h6 34. Rg1 Nxh3 35. f4 Nxg1 36. Ra8+ Kh7 37. Rh8+ Kxh8 38. fxe5 Nf3 39. gxf3 Rc1# 0-1

[Event "13th All African Mixed Team Rapid-ch 202"]
[Site "Accra"]
[Date "2024.03.09"]
[Round "5.5"]
[White "Mwali, Chitumbo"]
[Black "KIGIGHA, Bomo Lovet"]
[Result "0-1"]
[ECO "A11"]
[WhiteElo "2340"]
[BlackElo "2231"]
[Annotator "TA"]
[PlyCount "96"]
[EventDate "2024.03.07"]
[EventType "rapid"]
[EventCountry "GHA"]
[SourceTitle "playchess.com"]
[Source "ChessBase"]
[SourceQuality "1"]
[TimeControl "900+10"]

1. c4 c6 2. g3 d5 3. Bg2 Nf6 4. Nf3 dxc4 5. O-O Nbd7 6. Qc2 {[%emt 0:00:53][%mdl 1024] White has compensation.} Nb6 7. a4 a5 8. Na3 Qd5 {[%emt 0:00:16] The position is equal.} 9. Ne1 Qc5 10. d3 Nfd5 {[%emt 0:01:49] Wards off Be3} 11. dxc4 Nb4 12. Qb3 {[%emt 0:00:02] Be3 is the strong threat.} Qh5 13. Nd3 $1 e5 14. Be3 (14. Bd2 $16) 14... Nd7 $11 15. Nc2 Na6 (15... Nxc2 $11 16. Qxc2 Bd6) 16. Qc3 $36 {[%emt 0:00:31][%mdl 2048] White is pushing.} Nac5 17. b4 Nxd3 18. exd3 axb4 19. Nxb4 Bxb4 (19... Be7 $1 $14) 20. Qxb4 $18 Qf5 (20... f5 {keeps fighting.} 21. a5 Kf7) 21. d4 exd4 $2 (21... c5 22. dxc5 O-O) 22. Bxd4 c5 23. Qe1+ Kf8 24. Be3 (24. Bc3 $142) 24... Ra6 $2 (24... Kg8 25. Rd1 h6) 25. a5 h5 26. Qb1 Qxb1 27. Rfxb1 Ra7 28. Bh3 {[%emt 0:00:00] aiming for Bxd7.} Ke7 29. Re1 Kf6 30. Rad1 {[%emt 0:00:00] Intending Rd6+ and mate.} Ne5 31. Bg2 (31. Bxc5 $6 Nf3+ 32. Kh1 Bxh3 $11) ({White must play} 31. Rd6+ $16 Be6 32. Bg5+ (32. Bxc5 Nf3+ 33. Kf1 Rxa5 $16) 32... Kxg5 33. Rxe5+ Kf6 34. f4 (34. Rxc5 Ke7 $15)) 31... Rxa5 $2 {[%emt 0:00:05] [#]} (31... Nxc4 $14 32. Bxc5 Rxa5) 32. h4 $2 (32. Rd6+ $1 $18 Be6 33. h4) 32... Kg6 $2 (32... Nxc4 $16 {was worth a try.} 33. Bf4 Ra6) 33. Bd2 {[%emt 0:00:22][%csl LRa5,LRe5] A strong pair of Bishops.} Nxc4 34. Bxa5 Nxa5 35. Rd5 Nb3 36. Rg5+ (36. Rd6+ $18 {and White stays clearly on top.} Be6 37. Rexe6+ (37. Bxb7 Kf6 $16) 37... fxe6 38. Rxe6+ (38. Bxb7 Kf6 $15) 38... Kh7 (38... Kf7 $2 39. Bd5 $18) 39. Be4+ (39. Bxb7 Rd8 $18) 39... g6 40. Rxg6 (40. Bxg6+ Kg7 $14)) 36... Kf6 $16 37. Bd5 ({Better is} 37. Re3 $16 c4 38. Rc3 (38. Rf3+ Ke7 $14)) 37... Nd4 $15 38. Kg2 Rd8 (38... g6 $15 39. Be4 Bf5) 39. Re4 $2 (39. Be4 $11 {and White has nothing to worry.}) 39... Bf5 (39... Nf5 $19 {has better winning chances.} 40. Bc4 g6) 40. Rxd4 cxd4 $19 41. Bxb7 $17 {[%emt 0:00:02][%mdl 4096] Endgame. KRB-KRB} d3 42. Bf3 d2 (42... g6 $142 43. Bd1 Re8 44. Rxf5+ Kxf5) 43. Bd1 g6 44. f3 Re8 45. g4 Re1 46. Ba4 hxg4 {[%emt 0:00:00] ( -> ...Ra1)} (46... d1=B 47. Bxd1 hxg4 (47... Rxd1 48. gxf5 Rd5 49. fxg6 $11) 48. fxg4 $15) 47. fxg4 {[%emt 0:00:01] [#]} Bd7 $1 48. Bb3 (48. Rd5 Bxa4) 48... d1=Q {[%emt 0:00:17] Weighted Error Value: White=1.23/Black=0.71.  Loses game:     	White=2     	Black=1      Missed win:     	White=1     	---        Mistake:       	White=5     	Black=8      Inaccurate:     	White=3     	Black=2      OK:         	White=6     	Black=9      Best:        	White=1     	Black=4      Strong:       	White=1     	---} (48... Rb1 $142 49. Bc2 Rb2 (49... d1=Q $2 50. Bxd1 Rxd1 51. Kh2 $19) (49... d1=R $2 50. Bxb1 Rxb1 51. Kf2 $19)) 0-1

[Event "13th All African Mixed Team Rapid-ch 202"]
[Site "Accra"]
[Date "2024.03.09"]
[Round "5.6"]
[White "PEACE SAMSON"]
[Black "Mbatha, Constance"]
[Result "1-0"]
[ECO "C50"]
[WhiteElo "1870"]
[BlackElo "1799"]
[Annotator "NA RC"]
[PlyCount "91"]
[EventDate "2024.03.07"]
[EventType "rapid"]
[EventCountry "GHA"]
[SourceTitle "playchess.com"]
[Source "ChessBase"]
[SourceQuality "1"]
[TimeControl "900+10"]

1. e4 e5 2. Nf3 Nc6 3. Bc4 h6 4. d4 exd4 5. Nxd4 Nxd4 6. Qxd4 d6 7. O-O Be6 8. e5 d5 9. Bb3 Ne7 10. f4 c6 11. Nc3 b6 12. Kh1 Nf5 13. Qd3 Bc5 14. Na4 Be7 15. Nc3 Bc5 16. Ne2 h5 17. Ba4 b5 18. Bxb5 Qb6 19. Ba4 O-O 20. Bb3 Rad8 21. Bd2 Be7 22. Ng3 Nxg3+ 23. Qxg3 Bf5 24. Qe1 c5 25. Ba5 Qc6 26. Bxd8 Rxd8 27. c3 d4 28. cxd4 cxd4 29. Rc1 Qa8 30. Rc7 Bh3 31. Qg3 Bg4 32. Rxe7 Rf8 33. h3 Be2 34. Re1 d3 35. e6 Qd8 36. Rd7 Qf6 37. exf7+ Kh7 38. Bc4 g6 39. Bxd3 Bxd3 40. Qxd3 Rxf7 41. Rxf7+ Qxf7 42. Qd6 Qxa2 43. Re7+ Kh6 44. Qe5 Qb1+ 45. Kh2 Qf5 46. Qh8# 1-0